 Dungeon Crawl Stone Soup version 0.31.0-2-g5a2aebc5c2 (webtiles) character file.

Game seed: 6322310874471518709

151 Aviak the Ruffian (level 5, -1/41 HPs)
             Began as a Barachi Shapeshifter on Jan 20, 2024.
             Slain by a phantom (3 damage)
             ... on level 4 of the Dungeon.
             The game lasted 00:03:59 (2210 turns).

Aviak the Ruffian (Barachi Shapeshifter)            Turns: 2210, Time: 00:04:00

Health: -1/41      AC:  5    Str: 17    XL:     5   Next: 33%
Magic:  5/5        EV: 11    Int: 11    God:
Gold:   159        SH:  0    Dex: 11    Spells: 4/4 levels left

rFire   . .          .
                       - Unarmed
rCold   . . .        (no shield)
rNeg    . . .        f - +0 ring mail
rPois   .            (helmet currently unavailable)
rElec   .            (cloak currently unavailable)
rCorr   .            (gloves currently unavailable)
SInv    +            (boots currently unavailable)
Will    .....        (no amulet)
Stlth   +            Z - ring of see invisible
HPRegen 0.26/turn    (no ring)
MPRegen 0.09/turn

%: no passive effects
@: brilliant, beast-form, slow
A: beast (slay +2), amphibious, slowness 1, strong legs 1, +LOS
a: Hop, Begin Untransformation


You were on level 4 of the Dungeon.
You were a hulking beast.
You visited 1 branch of the dungeon, and saw 4 of its levels.

You collected 159 gold pieces.

Inventory:

Armour
 a - a +0 animal skin
 f - a +0 ring mail (worn)
 p - a +1 plate armour of fire resistance
Jewellery
 Z - a ring of see invisible (left hand)
Talismans
 c - a beast talisman (active)
 d - a flux talisman
Scrolls
 e - a scroll of fog {unknown}
 h - a scroll of identify {unknown}
 i - 3 scrolls of revelation {unknown}
 j - 4 scrolls of noise {unknown}
 k - a scroll of enchant armour {unknown}
 m - a scroll of torment {unknown}
 n - a scroll of silence {unknown}
 o - a scroll of butterflies {unknown}
 r - a scroll of poison {unknown}


   Skills:
 + Level 3.2 Fighting
 + Level 3.4 Dodging
 + Level 4.2 Unarmed Combat
 + Level 4.1 Shapeshifting


You had 4 spell levels left.
You didn't know any spells.
Your spell library contained the following spells:

 Spells                   Type           Power      Damage    Failure   Level
 Apportation              Tloc           0%         N/A       54%         1
 Necrotise                Necr           0%         1d4       54%         1
 Sting                    Conj/Alch      0%         1d3       54%         1
 Summon Small Mammal      Summ           0%         N/A       54%         1


Dungeon Overview and Level Annotations

Branches:
Dungeon (4/15)
 Temple: D:4-7

Altars:
Qazlal
Trog

Shops:
D:2 :   D:3 *=[

Annotations:
D:4 Natasha


Innate Abilities, Weirdness & Mutations

You are a hulking beast.
Your limbs bulge with bestial killing power. (Slay +2)
You are amphibious.
You cover ground slowly.
You can hop short distances.
You have an extended range of vision and can be seen from far away.


Message History

It was a potion of magic.
Magic courses through your body. The phantom barely misses you.
You hit the phantom.
The phantom is moderately damaged.
You closely miss the phantom.
The phantom is moderately damaged.
The phantom misses you.
You hit the phantom but do no damage.
The phantom is moderately damaged.
The phantom hits you but does no damage.
You closely miss the phantom.
The phantom is moderately damaged.
The phantom closely misses you.
You barely miss the phantom.
The phantom is moderately damaged.
The phantom hits you but does no damage.
Okay, then.
You barely miss the phantom.
The phantom is moderately damaged.
The phantom hits you.
* * * LOW HITPOINT WARNING * * *
Unknown command.
You hit the phantom.
The phantom is moderately damaged.
The phantom hits you.
* * * LOW HITPOINT WARNING * * *
Unknown command.
Okay, then.
You hit the phantom.
The phantom is heavily damaged.
The phantom barely misses you.
You hit the phantom.
The phantom is severely damaged.
The phantom hits you.
* * * LOW HITPOINT WARNING * * *
You punch the phantom!
The phantom is almost destroyed.
Natasha, Servant of Life and Death comes into view.
The phantom hits you.
You die...

#......#.####......†.....##
##......h## #............##
#........## #...........##
##........###.........###
######....############
##.....## #.......###
#......†..## #.....hW...#
..............#
.................
...................
....................
...................
...................
......#............
......##.........


You could see a phantom and Natasha (wandering).

Vanquished Creatures
  An orc priest (D:3)
  Natasha (D:4)
  2 adders (D:3)
  2 dart slugs
  5 orcs (D:3)
  8 ball pythons
  4 bats
  4 endoplasms
  2 giant cockroaches (D:1)
  6 goblins
  6 hobgoblins
  4 jackals (D:2)
  3 quokkas
  4 frilled lizards
  6 kobolds
  4 rats
62 creatures vanquished.

Notes
Turn   | Place    | Note
-------+----------+-------------------------------------------
     0 | D:1      | Aviak the Barachi Shapeshifter began the quest for the Orb.
     0 | D:1      | Reached XP level 1. HP: 15/15 MP: 1/1
   154 | D:1      | Reached XP level 2. HP: 15/21 MP: 2/2
   400 | D:1      | Reached XP level 3. HP: 25/27 MP: 3/3
   820 | D:2      | Found Oway's Book Emporium.
  1410 | D:3      | Found Bivvefyn's Armour Boutique.
  1428 | D:3      | Found a stormy altar of Qazlal.
  1551 | D:3      | Found a bloodstained altar of Trog.
  1563 | D:3      | Reached XP level 4. HP: 24/34 MP: 4/4
  1713 | D:3      | Found Camu Kex's General Store.
  2013 | D:3      | Found Tithretso's Jewellery Emporium.
  2018 | D:3      | Reached XP level 5. HP: 41/41 MP: 5/5
  2158 | D:4      | Noticed Natasha
  2159 | D:4      | Noticed a phantom
  2176 | D:4      | Killed Natasha
  2197 | D:4      | HP: 2/41 [phantom (3)]
  2209 | D:4      | HP: 2/41 [phantom (1)]
  2210 | D:4      | Noticed Natasha
  2210 | D:4      | Slain by a phantom

Illustrated notes

Levels and vault maps discovered:
D:1:      onia_arrival_mini_maze, layout_basic, serial_park_tiny_pond
D:2:      layout_loops_ring, serial_shops, shop, minmay_tetromino_i4
D:3:      layout_loops_cross, mainiacjoe_overflow_catch_the_wave, serial_shops,
          shop, shop, nicolae_shop_gibbet_a_chance, skrybe_limestone_x
D:4:      layout_cave_pods, uniq_crazy_yiuf_cottage, uniq_natasha

Skill      XL: |  1  2  3  4 |
---------------+-------------+-----
Fighting       | 2 3 |  3.2
Dodging        | 3 |  3.4
Unarmed Combat | 4 |  4.2
Shapeshifting  | 4 |  4.1

Action                     |  1- 3 |  4- 6 || total
---------------------------+-------+-------++-------
  Melee: Unarmed           |   120 |    95 ||   215
         Punch             |     2 |     2 ||     4
    Use: Potion            |       |     5 ||     5
 Armour: Animal skin       |    18 |       ||    18
         Ring mail         |    64 |    37 ||   101
         Skin              |       |    70 ||    70
  Dodge: Dodged            |    75 |    41 ||   116
   Form: Beast             |     1 |       ||     1
